 Dungeon Crawl Stone Soup version 0.31-a0-164-g2312942fda (webtiles) character file.

Game seed: 4076107084269364406

2410 Moral the Fighter (level 9, -5/89 (110) HPs)
             Began as an Ogre Berserker on June 14, 2023.
             Was a Priest of Trog.
             Slain by a wight
             ... wielding a +2 morningstar
              (9 damage)
             ... on level 7 of the Dungeon.
             The game lasted 00:20:51 (7677 turns).

Moral the Fighter (Ogre Berserker)                  Turns: 7677, Time: 00:20:51

HP:   -5/89 (110)   AC: 10    Str: 25    XL:     9   Next: 47%
MP:   9/9           EV: 10    Int:  8    God:    Trog [***...]
Gold: 20            SH:  0    Dex: 10    Spells: 8/8 levels left

rFire   . . .        k - +1 hammer (protect)
rCold   . . .        (no shield)
rNeg    . . .        b - +0 animal skin
rPois   +            (helmet restricted)
rElec   .            (no cloak)
rCorr   .            (gloves unavailable)
SInv    .            (boots unavailable)
Will    ++...        (no amulet)
Stlth   +            f - ring of poison resistance
HPRegen 1.34/turn    (no ring)
MPRegen 0.11/turn

%: no passive effects
@: strong-willed, under a protective aura, on berserk cooldown, attractive,
regenerating, slowed, heavily drained, very slow
A: large, unfitting armour, tough skin 1
a: Renounce Religion, Berserk, Trog's Hand


You were on level 7 of the Dungeon.
You worshipped Trog.
Trog was most pleased with you.
You visited 1 branch of the dungeon, and saw 7 of its levels.

You collected 267 gold pieces.
You spent 247 gold pieces at shops.

Inventory:

Hand Weapons
 k - a +1 hammer of protection (weapon)
Armour
 b - a +0 animal skin (worn)
Jewellery
 f - a ring of poison resistance (left hand)
 m - a ring of fire
Wands
 l - a wand of polymorph (12)
 p - a wand of iceblast (4)
 r - a wand of flame (16)
 s - a wand of quicksilver (7)
Scrolls
 a - 3 scrolls of teleportation
 c - a scroll of vulnerability
 e - 6 scrolls of amnesia
 t - a scroll of identify
Potions
 d - a potion of enlightenment {unknown}
 g - 3 potions of resistance
 h - a potion of mutation {unknown}
 i - 5 potions of curing
 j - 2 potions of attraction
 n - a potion of magic {unknown}
 q - 2 potions of brilliance {unknown}


   Skills:
 * Level 13.4 Fighting
 + Level 7.3 Maces & Flails
 - Level 2.6 Dodging


You had 8 spell levels left.
You didn't know any spells.
Your spell library was empty.

Dungeon Overview and Level Annotations

Branches:
Dungeon (7/15)
 Temple: D:4-7

Altars:
Ashenzari
Hepliaklqana
Makhleb

Shops:
D:2 *   D:6 ?   D:7 [


Innate Abilities, Weirdness & Mutations

You are too large for most types of armour.
You have tough skin. (AC +1)


Message History

* * * LOW HITPOINT WARNING * * *
You closely miss the wight.
The wight hits you with a +2 morningstar!
* * * LOW HITPOINT WARNING * * *
You feel drained.
* * * LOW HITPOINT WARNING * * *
Your skin crawls.
You feel strong-willed. The wight barely misses you.
You hit the wight but do no damage.
Your weapon exudes an aura of protection.
The wight closely misses you. The wight hits you but does no damage.
You completely miss the wight.
The wight hits you with a +2 morningstar.
* * * LOW HITPOINT WARNING * * *
You feel drained.
* * * LOW HITPOINT WARNING * * *
You hit the wight but do no damage.
Your weapon exudes an aura of protection.
The wight closely misses you.
The wight hits you with a +2 morningstar.
* * * LOW HITPOINT WARNING * * *
You hit the wight.
The wight is moderately damaged.
The wight hits you with a +2 morningstar.
* * * LOW HITPOINT WARNING * * *
You feel drained.
Okay, then.
Okay, then.
Okay, then.
It was a potion of curing.
You feel better.
The wight hits you with a +2 morningstar!
* * * LOW HITPOINT WARNING * * *
You feel drained.
* * * LOW HITPOINT WARNING * * *
The wight barely misses you.
It was a potion of attraction.
You feel attractive to monsters.
The wight hits you with a +2 morningstar!
You die...

#.##..8...8.......##
#.#..8..∩..8.......#
#..)).8...8........+
#...#....8.8.........#
#.#.......8.........#
#.....########.....##
#.....# ##...##
#.....# ##'## ......#
#@# ......# ########z#
#.......Z##
#.#####...########
#.....)..P.P.
##...#.#...8# #..##...
..# #.## ....P # ....
....##


You could see a wight and a killer bee zombie.

Vanquished Creatures
  Sigmund (D:3)
  2 water moccasins
  An orc warrior (D:6)
  2 ice beasts (D:6)
  A centaur (D:5)
  2 bullfrogs (D:6)
  A necrophage (D:5)
  6 scorpions
  3 wights (D:7)
  5 killer bees (D:6)
  2 jellies (D:5)
  3 hounds (D:5)
  Crazy Yiuf (D:2)
  An orc priest (D:5)
  Jessica (D:3)
  Natasha (twice) (D:2)
  2 iguanas (D:5)
  2 sleepcaps
  6 orc wizards
  A hound skeleton (D:5)
  6 adders
  3 gnolls (D:5)
  A shadow imp (D:5)
  A white imp (D:5)
  4 worms (D:2)
  4 dart slugs
  24 orcs
  7 bats
  6 endoplasms
  5 hobgoblins
  5 quokkas
  3 ball pythons
  6 frilled lizards
  5 goblins
  5 kobolds
  5 rats
135 creatures vanquished.

Notes
Turn   | Place    | Note
-------+----------+-------------------------------------------
     0 | D:1      | Moral the Ogre Berserker began the quest for the Orb.
     0 | D:1      | Reached XP level 1. HP: 24/24 MP: 1/1
   131 | D:1      | Reached XP level 2. HP: 18/32 MP: 2/2
   514 | D:1      | Reached XP level 3. HP: 40/40 MP: 3/3
   988 | D:2      | Reached ** piety under Trog
  1074 | D:2      | Reached skill level 5 in Fighting
  1299 | D:2      | Reached XP level 4. HP: 32/50 MP: 4/4
  1541 | D:2      | Found Wicenadgh's Assorted Antiques.
  1726 | D:2      | Noticed Natasha
  1748 | D:2      | Killed Natasha
  2209 | D:2      | Found a runed translucent door.
  2210 | D:2      | Noticed Crazy Yiuf
  2292 | D:2      | Killed Crazy Yiuf
  2293 | D:2      | Reached skill level 6 in Fighting
  2293 | D:2      | Reached XP level 5. HP: 59/59 MP: 5/5
  2370 | D:2      | Noticed Natasha
  2378 | D:2      | Killed Natasha
  2528 | D:3      | Noticed Sigmund
  2535 | D:3      | Killed Sigmund
  2536 | D:3      | Reached skill level 7 in Fighting
  2536 | D:3      | Reached XP level 6. HP: 71/71 MP: 6/6
  2590 | D:3      | Noticed Jessica
  2606 | D:3      | Killed Jessica
  2619 | D:3      | Reached skill level 8 in Fighting
  3100 | D:4      | Reached XP level 7. HP: 57/81 MP: 7/7
  3269 | D:4      | Reached skill level 5 in Maces & Flails
  3602 | D:4      | Reached skill level 9 in Fighting
  3826 | D:5      | Entered Level 5 of the Dungeon
  4109 | D:5      | Reached XP level 8. HP: 93/93 MP: 8/8
  4179 | D:5      | Found a hazy altar of Hepliaklqana.
  4252 | D:5      | Reached skill level 10 in Fighting
  4365 | D:5      | Reached *** piety under Trog
  5002 | D:5      | Reached skill level 11 in Fighting
  5230 | D:5      | Found a burning altar of Makhleb.
  5648 | D:6      | Found Jutole's Magic Scroll Boutique.
  5686 | D:6      | Reached skill level 12 in Fighting
  5689 | D:6      | Reached XP level 9. HP: 67/106 MP: 9/9
  5695 | D:6      | Found a broken altar of Ashenzari.
  6890 | D:6      | Found a transporter.
  6937 | D:6      | Found a transporter.
  6961 | D:6      | Reached skill level 13 in Fighting
  7585 | D:7      | Found Pyamur's Antique Armour Shoppe.
  7633 | D:7      | Bought a pair of glowing boots for 247 gold pieces
  7663 | D:7      | HP: 3/150 [wight/+2 morningstar (8)]
  7670 | D:7      | HP: 4/94 [wight/+2 morningstar (2)]
  7674 | D:7      | HP: 1/93 [wight/+2 morningstar (6)]
  7677 | D:7      | Slain by a wight

Illustrated notes

Levels and vault maps discovered:
D:1:      lightli_arrival_farm, layout_basic, minmay_unequal
D:2:      layout_basic, serial_shops, nicolae_shop_tiny_statue_garden,
          uniq_crazy_yiuf_cottage, uniq_natasha
D:3:      layout_rooms, uniq_jessica, uniq_sigmund
D:4:      layout_loops_ring, kennysheep_boxes
D:5:      layout_loops_ring, mainiacjoe_overflow_six_doors_small,
          makhleb_blood_cavern_becter, minmay_liquid_box,
          kennysheep_generic_room_14
D:6:      gammafunk_cloud_chamber, layout_basic, mainiacjoe_overflow_alcove_2,
          serial_shops, shop
D:7:      layout_loops_corners, kiku_gazebo_pond_becter, temple_doors_cd,
          serial_undead, serial_undead_e, serial_undead_f, serial_undead_c,
          serial_undead_e, serial_undead_c, serial_undead_a, serial_undead_d,
          serial_undead_f, serial_undead_a, serial_undead_b, serial_shops,
          nicolae_shop_tiny_real_fake_doors, nicolae_diamond_shop,
          minmay_misc_feat_five, chequers_serial_rivers_micro_c,
          minmay_checkerbox

Skill      XL: |  1  2  3  4  5  6  7  8  9 |
---------------+----------------------------+-----
Maces & Flails | 3 4 5 6 7 |  7.3
Fighting       | 5 6 7 8 9 12 13 | 13.4
Dodging        | |  2.6

Action                     |  1- 3 |  4- 6 |  7- 9 || total
---------------------------+-------+-------+-------++-------
  Melee: Mace              |   100 |   146 |   381 ||   627
         Punch             |     1 |     2 |     5 ||     8
 Invoke: Berserk           |       |     5 |     5 ||    10
         Trog's Hand       |       |       |     2 ||     2
  Evoke: Wand              |       |       |     1 ||     1
    Use: Potion            |       |     1 |     3 ||     4
         Scroll            |       |     2 |     4 ||     6
   Stab: Sleeping          |     1 |       |       ||     1
 Armour: Animal skin       |    39 |    66 |   172 ||   277
  Dodge: Dodged            |    87 |    93 |   199 ||   379

Table legend: (Time is in decaauts)
 A = Elapsed time spent in this place.
 B = Non-inter-level travel time spent in this place.
 C = Inter-level travel time spent in this place.
 D = Time resting spent in this place.
 E = Time spent auto-exploring this place.
 F = Levels seen in this place.
 G = Mean time per level.
                   A        B        C        D        E       F      G
               +--------+--------+--------+--------+--------+-----+--------+
         Total |   7839 |   7763 |     76 |   2614 |   3421 |   7 | 1119.9 |
       Dungeon |   7839 |   7763 |     76 |   2614 |   3421 |   7 | 1119.9 |
               +--------+--------+--------+--------+--------+-----+--------+

Top non-repeatable levels by time:
     D:6: 2065 daAuts
     D:5: 1745 daAuts
     D:2: 1673 daAuts
     D:4: 856 daAuts
     D:1: 825 daAuts
     D:3: 575 daAuts
     D:7: 97 daAuts
